[Event "*** Titled Tuesday Blitz"]
[Site "Chess.com"]
[Date "2019.03.05"]
[Round "2"]
[White "monalize"]
[Black "kosya4ok"]
[Result "0-1"]
[WhiteElo "2299"]
[BlackElo "2653"]
[TimeControl "180+2"]
[EndTime "13:23:59 PST"]
[Termination "kosya4ok won by resignation"]

1. e4 c5 2. Nf3 Nc6 3. d4 cxd4 4. Nxd4 Nf6 5. Nc3 e5 6. Ndb5 d6 7. Bg5 a6 8. Na3 b5 9. Nd5 Be7 10. Bxf6 Bxf6 11. c4 b4 12. Nc2 Rb8 13. b3 Bg5 14.
Bd3 O-O 15. O-O Be6 16. Qe2 Qa5 17. Rfd1 Qc5 18. Qh5 Bd8 19. Be2 f5 20. exf5 Bxf5 21. Nce3 Bg6 22. Qh3 Nd4 23. Bh5 Be4 24. Bg4 h6 25.
Rd2 Bg5 26. Rad1 a5 27. Bd7 Kh8 28. Kh1 Rf7 29. Bg4 Rbf8 30. Kg1 Bxd5 31. cxd5 Nb5 32. Bf3 Nc3 33. Re1 a4 34. bxa4 Nxa4 35. Qh5 Nc3 36. h4 Bf4 37. Qg6 Rf6 38. Qd3 Ra8 39. Ra1 Ra3 40.
Rc2 Bxe3 41. Qxe3 Qxe3 42. fxe3 e4 43. Bg4 Nxd5 44. Rc8+ Kh7 45. Rf1 Rxf1+ 46. Kxf1 Nxe3+ 0-1

[Event "*** Titled Tuesday Blitz"]
[Site "Chess.com"]
[Date "2019.03.05"]
[Round "2"]
[White "MatthewG-p4p"]
[Black "SaraciNderim"]
[Result "0-1"]
[WhiteElo "2666"]
[BlackElo "2735"]
[TimeControl "180+2"]
[EndTime "13:24:05 PST"]
[Termination "SaraciNderim won by resignation"]

1. c4 Nf6 2. Nc3 g6 3. g3 Bg7 4. Bg2 O-O 5. d3 c6 6. Nf3 d5 7. O-O Nbd7 8. Qc2 b6 9. b3 Bb7 10. Bb2 Rc8 11. a3 e5 12. e3 Re8 13. Rfd1 Qe7 14. b4 e4 15. dxe4 dxc4 16. Nd2 b5 17. f4 Nb6 18. e5 Nfd5 19. Nf1 Nxc3 20.
Bxc3 Na4 21. Bd4 c5 22. bxc5 Bxg2 23. Kxg2 f6 24. Rab1 a6 25. exf6 Bxf6 26. Bxf6 Qxf6 27. Rd6 Re6 28. Nd2 Nxc5 29. Rxe6 Qxe6 30. e4 Rd8 31.
Nf3 Qxe4 32. Qxe4 Nxe4 33. Re1 c3 34. Ne5 c2 35. Rc1 Rd2+ 36. Kf3 Nc5 37. Ke3 Nb3 38. Nf3 Rf2 39. Rh1 Rxf3+ 40. Kxf3 c1=Q 41. Rxc1 Nxc1 0-1

[Event "*** Titled Tuesday Blitz"]
[Site "Chess.com"]
[Date "2019.03.05"]
[Round "2"]
[White "Vugar_Manafov"]
[Black "tango_argentino"]
[Result "0-1"]
[WhiteElo "2399"]
[BlackElo "2504"]
[TimeControl "180+2"]
[EndTime "13:24:07 PST"]
[Termination "tango_argentino won by resignation"]

1. Nf3 d5 2. g3 Nc6 3. d4 Bf5 4. Bg2 Nb4 5. Na3 e6 6. c3 Nc6 7. Nc2 Be4 8. O-O Bd6 9. Nd2 Bxg2 10. Kxg2 h5 11. e4 dxe4 12. Nxe4 h4 13. Qf3 Nf6 14. Bg5 h3+ 15. Kg1 Be7 16. Bxf6 gxf6 17. Ne3 f5 18. Nd2 Qd7 19. Rad1 O-O-O 20. b4 Bg5 21. Nec4 Bxd2 22. Rxd2 f6 23. Rfd1 Qd5 24. Qxd5 Rxd5 25. Ne3 Rdd8 26. b5 Ne7 27. d5 f4 28. gxf4 Rhg8+ 29. Kf1 exd5 30.
Nxd5 Nxd5 31. Rxd5 Rxd5 32. Rxd5 Rg2 33. Rh5 Rxh2 34.
Kg1 Rg2+ 35. Kf1 Rg4 36. Rxh3 Rxf4 37. Rd3 Ra4 38. Rd2 Rc4 39. Rc2 Kd7 40. Ke2 Kd6 41. Kd3 Kc5 42. Rb2 Ra4 43. f3 Ra5 44. Re2 Kxb5 45. Re6 Rxa2 46. Rxf6 a5 47. Rf7 Kb6 48. f4 a4 49. Kc4 Rb2 50. Rf8 Ka7 51. Rf5 b5+ 52. Kc5 a3 53. Rf7 a2 54. Rxc7+ Kb8 55. Kb6 a1=Q 56. Rh7 Qg1+ 57. Ka6 Qg6+ 0-1

[Event "*** Titled Tuesday Blitz"]
[Site "Chess.com"]
[Date "2019.03.05"]
[Round "2"]
[White "fish7728"]
[Black "vladimir_petrov"]
[Result "1-0"]
[WhiteElo "2260"]
[BlackElo "2395"]
[TimeControl "180+2"]
[EndTime "13:24:08 PST"]
[Termination "fish7728 won on time"]

1. d4 Nf6 2. c4 e6 3. Nc3 Bb4 4. f3 d5 5. a3 Bxc3+ 6. bxc3 c5 7. e3 O-O 8. Bd3 Nc6 9. Ne2 dxc4 10. Bxc4 e5 11. d5 Na5 12. Ba2 c4 13. e4 Qb6 14.
Rb1 Qc5 15. Qa4 Bd7 16. Qb4 Rac8 17. Qxc5 Rxc5 18. Be3 Rcc8 19. Bxa7 Ba4 20. Rb4 b5 21. Rb2 Nd7 22. O-O Nc5 23. Bxc5 Rxc5 24. f4 f6 25. Ng3 g6 26. Rbf2 Rcc8 27. Bb1 Nb3 28. Bc2 Kg7 29.
h4 exf4 30. Rxf4 Ra8 31. h5 Nc5 32. hxg6 Bxc2 33. gxh7 Kxh7 34. Kf2 Rxa3 35. Rg4 Nd3+ 36. Ke3 1-0

[Event "*** Titled Tuesday Blitz"]
[Site "Chess.com"]
[Date "2019.03.05"]
[Round "2"]
[White "jamengrand"]
[Black "chenrip"]
[Result "0-1"]
[WhiteElo "2160"]
[BlackElo "2332"]
[TimeControl "180+2"]
[EndTime "13:24:09 PST"]
[Termination "chenrip won by checkmate"]

1. c4 c5 2. b3 b6 3. Bb2 Bb7 4.
Nf3 Nc6 5. g3 Nd4 6. Bg2 Nxf3+ 7. Bxf3 Bxf3 8. exf3 d5 9. cxd5 Qxd5 10. O-O Nf6 11. Nc3 Qc6 12. Ne4 Nxe4 13. fxe4 Qxe4 14. Re1 Qc6 15. d4 O-O-O 16. Qc2 f6 17. dxc5 e5 18. Rac1 Kb7 19. cxb6 Qxc2 20. Rxc2 axb6 21. f4 exf4 22. gxf4 Bc5+ 23. Kg2 Rhe8 24. Rce2 Rxe2+ 25. Rxe2 Rd3 26. h4 Kc6 27. h5 h6 28. Rc2 Kd5 29. Bc1 Ke4 30. Rc4+ Kf5 31. b4 Be3 32. Bxe3 Rxe3 33. a4 Ra3 34. b5 Kg4 35. Rc7 Ra2+ 36. Kf1 Kxf4 37. Rxg7 Rxa4 38. Rb7 Kf3 39. Kg1 Rg4+ 40. Kh2 Rh4+ 41. Kg1 Rxh5 42. Rxb6 Rf5 43. Ra6 Kg3 44.
Ra3+ Kg4 45. Rb3 Re5 46. b6 Re8 47. b7 Rb8 48. Kf2 Kf4 49. Rb4+ Ke5 50. Kf3 h5 51. Rh4 Rxb7 52. Rxh5+ f5 53. Rh6 Rb3+ 54. Kf2 Ke4 55. Ra6 Rb2+ 56. Kf1 Kf3 57. Ra3+ Kg4 58. Kg1 f4 59.
Ra8 Kg3 60. Rf8 Rb1# 0-1

[Event "*** Titled Tuesday Blitz"]
[Site "Chess.com"]
[Date "2019.03.05"]
[Round "2"]
[White "Hieronymus00"]
[Black "bluejay1897"]
[Result "1-0"]
[WhiteElo "2222"]
[BlackElo "2152"]
[TimeControl "180+2"]
[EndTime "13:24:11 PST"]
[Termination "Hieronymus00 won by resignation"]

1. e4 c5 2. Nf3 e6 3. d4 cxd4 4. Nxd4 Nc6 5. Nc3 a6 6. Be3 Nf6 7. g4 Bb4 8. Bg2 d5 9. g5 Nxe4 10. Bxe4 dxe4 11. Nxc6 bxc6 12. Qxd8+ Kxd8 13. O-O-O+ Ke7 14. Nxe4 e5 15. a3 Ba5 16. Bc5+ Ke6 17. Rd6+ Kf5 18.
f3 Be6 19. b4 Bd8 20. h4 Be7 21. Rxc6 Bd5 22. Rc7 Bxc5 23. Nxc5 Rhc8 24. Rxc8 Rxc8 25. Nxa6 Bxf3 26. Rf1 e4 27. Nc5 Kf4 28. a4 Kg3 29. h5 Kg2 30. Re1 Kf2 31. Rxe4 Bxe4 32. Nxe4+ Ke3 33.
Nc5 Kf4 34. a5 Kxg5 35. a6 f5 36. Kd2 Kxh5 37. Ke3 Kg4 38. a7 h5 39. b5 h4 40. Nd3 Re8+ 41. Kf2 h3 42. b6 h2 43. Kg2 Re2+ 44. Kh1 Rd2 45. a8=Q Kg3 46. Qb8+ Kh3 47. Nf4+ Kg4 48. Ng2 1-0

[Event "*** Titled Tuesday Blitz"]
[Site "Chess.com"]
[Date "2019.03.05"]
[Round "2"]
[White "joppie2"]
[Black "vpsetter"]
[Result "1-0"]
[WhiteElo "2762"]
[BlackElo "2646"]
[TimeControl "180+2"]
[EndTime "13:24:14 PST"]
[Termination "joppie2 won by resignation"]

1. Nf3 Nf6 2. g3 d5 3. Bg2 e6 4. O-O Be7 5. c4 O-O 6. b3 b6 7. Bb2 Bb7 8. cxd5 Nxd5 9. d4 c5 10. dxc5 Bxc5 11. a3 Nd7 12. Nbd2 Be7 13. Nd4 Rc8 14.
Nc4 Nc5 15. b4 Nc3 16. Bxc3 Bxg2 17. Kxg2 Qd5+ 18. Nf3 Qxc4 19. Bxg7 Kxg7 20. bxc5 Rxc5 21. a4 Bf6 22. Ra3 Rd8 23. Rd3 Rxd3 24. exd3 Qc2 25. Qxc2 Rxc2 26. Rb1 Rc3 27. d4 Rc4 28. a5 bxa5 29. Rb7 a4 30. Rxa7 Bxd4 31. Nxd4 Rxd4 32. Kf3 Kf6 33. Ke3 Rb4 34. f4 h5 35. Ra5 h4 36.
gxh4 Rb3+ 37. Ke4 Ra3 38. h5 Ra1 39. Kf3 a3 40. Kg4 a2 41. Kh4 Rf1 42. Rxa2 Rxf4+ 43. Kg3 Rf5 44. Kg4 Rg5+ 45. Kh4 Rb5 46. Rg2 Rb4+ 47. Kh3 e5 48. h6 Rb8 49. Kh4 e4 50. Kh5 Rb5+ 51.
Kh4 Rb8 52. Kh5 Ke5 53. h7 Rh8 54. Kh6 f5 55. Rg8 Rxh7+ 56. Kxh7 f4 57. Kg6 f3 58. Rf8 Kd4 59. Rf4 Ke3 60. Kf5 f2 61. Rxe4+ Kf3 62. Rf4+ 1-0

[Event "*** Titled Tuesday Blitz"]
[Site "Chess.com"]
[Date "2019.03.05"]
[Round "2"]
[White "ProstoIgrok"]
[Black "severomorskij"]
[Result "0-1"]
[WhiteElo "2679"]
[BlackElo "2698"]
[TimeControl "180+2"]
[EndTime "13:24:15 PST"]
[Termination "severomorskij won by resignation"]

1. e4 c5 2. Nf3 Nc6 3. d4 cxd4 4.
Nxd4 Nf6 5. Nc3 e5 6. Ndb5 d6 7. Bg5 a6 8. Na3 b5 9. Nd5 Be7 10. Bxf6 Bxf6 11. c4 b4 12. Nc2 O-O 13. g3 Bg5 14. h4 Bh6 15. Bh3 Be6 16. Kf1 a5 17. Qd3 a4 18. Kg2 Qb8 19. b3 Kh8 20. Rag1 Ra5 21.
g4 Bf4 22. g5 Bxd5 23. exd5 Ne7 24. Bd7 axb3 25. axb3 f5 26. Ra1 e4 27. Qd1 Rxa1 28. Qxa1 Be5 29. Qa5 Ng6 30. Qxb4 Nf4+ 31. Kf1 Qc7 32.
Qa4 Nd3 33. Bc6 Qb6 34. Ne3 Bd4 35. Nd1 Bxf2 36. Rh2 Bg3 37. Rg2 Bxh4 38. g6 Qd4 39.
Qa2 e3 40. Qe2 Nf4 41. Qf3 e2+ 42. Rxe2 Qxd1+ 0-1

[Event "*** Titled Tuesday Blitz"]
[Site "Chess.com"]
[Date "2019.03.05"]
[Round "2"]
[White "PulpanJ"]
[Black "Caterpiller35"]
[Result "1-0"]
[WhiteElo "2670"]
[BlackElo "2327"]
[TimeControl "180+2"]
[EndTime "13:24:15 PST"]
[Termination "PulpanJ won by resignation"]

1. e4 c5 2. Nf3 g6 3. c3 Bg7 4.
d4 cxd4 5. cxd4 d5 6. e5 Bg4 7.
Bb5+ Nd7 8. O-O e6 9. Nbd2 Ne7 10. h3 Bxf3 11. Nxf3 a6 12. Bd3 O-O 13. Bg5 Rc8 14.
Qd2 f6 15. exf6 Bxf6 16. Bxf6 Rxf6 17. Rfe1 Nc6 18. Re3 Qb6 19. Bf1 Rcf8 20. Rae1 Rxf3 21. Rxf3 Rxf3 22. gxf3 Nxd4 23. Bg2 Nf6 24. Qe3 Qxb2 25. Rd1 e5 26. Kh1 Qe2 27. Qxe2 Nxe2 28. Re1 Nc3 29.
Rxe5 Nxa2 30. f4 Nc3 31. Re3 d4 32. Rd3 b5 33. Rxd4 Ne2 34. Rd6 Nh5 35. Rxa6 Nhxf4 36. Rb6 Nxg2 37. Kxg2 Nc3 38. Rc6 b4 39. Rb6 Nd5 40.
Rb5 Nf4+ 41. Kg3 Nd3 42. Kf3 Kg7 43. Ke3 Ne1 44. Kd2 Nf3+ 45. Ke3 Nh4 46. Rxb4 Nf5+ 47. Kf4 Kf6 48. Rb6+ Kg7 49. Kg5 h6+ 50. Kf4 Ne7 51. Ke5 Nf5 52. Rb7+ Kf8 53. Kf6 1-0

[Event "*** Titled Tuesday Blitz"]
[Site "Chess.com"]
[Date "2019.03.05"]
[Round "2"]
[White "mikhaillushenkov"]
[Black "wonderfultime"]
[Result "0-1"]
[WhiteElo "2622"]
[BlackElo "2918"]
[TimeControl "180+2"]
[EndTime "13:24:17 PST"]
[Termination "wonderfultime won by resignation"]

1. Nf3 Nf6 2. c4 c6 3. Nc3 d5 4. e3 a6 5. Qc2 e6 6. b3 Nbd7 7.
d4 b5 8. Bd3 Be7 9. O-O O-O 10.
e4 b4 11. Na4 dxe4 12. Bxe4 Nxe4 13. Qxe4 Bb7 14. Bb2 Qc7 15. c5 Rfd8 16. Rad1 a5 17. Ne5 Nxe5 18. dxe5 Ba6 19. Rfe1 Rxd1 20. Rxd1 Rd8 21.
Rd6 Bb5 22. Nb6 h6 23. h4 Qb7 24. h5 Bxd6 25. exd6 f6 26. Qxe6+ Qf7 27. Qg4 Kh8 28. d7 Qe7 29. Kh2 Qxc5 30. Qe6 Qxh5+ 31. Kg1 Qd1+ 32. Kh2 Qh5+ 33. Kg1 Qd1+ 34. Kh2 Qe2 35. Qxe2 Bxe2 36. f3 c5 37. Bc1 Bb5 38. Bf4 Bxd7 39. Bc7 Re8 40. Nc4 Re2 41. Bxa5 Rxa2 42. Bb6 Be6 43. Na5 Rc2 44. Nb7 c4 45. bxc4 b3 46. Nc5 b2 0-1

[Event "*** Titled Tuesday Blitz"]
[Site "Chess.com"]
[Date "2019.03.05"]
[Round "2"]
[White "Msb2"]
[Black "KhalilMousavi77"]
[Result "0-1"]
[WhiteElo "2799"]
[BlackElo "2654"]
[TimeControl "180+2"]
[EndTime "13:24:21 PST"]
[Termination "KhalilMousavi77 won by resignation"]

1. d4 d5 2. c4 e6 3. Nf3 Nf6 4. g3 Be7 5. Bg2 O-O 6. O-O dxc4 7. Ne5 Nc6 8. Bxc6 bxc6 9. Nxc6 Qe8 10. Nxe7+ Qxe7 11. Qc2 e5 12. dxe5 Qxe5 13. Bf4 Qh5 14. Nc3 g5 15.
Bxc7 Ng4 16. h4 gxh4 17. Qe4 Bf5 18. Qf4 hxg3 19. Qxg3 Kh8 20. Kg2 Rg8 21. Rh1 Ne3+ 22. fxe3 Rxg3+ 23. Bxg3 Qg5 24. Kf2 Re8 25. Bf4 Qe7 26.
Rad1 f6 27. Rh5 Bg4 28. Rh6 Qg7 29. Ne4 Bxe2 30. Rg1 Qb7 31. Nd6 Qf3+ 32. Ke1 Rf8 33. Rh2 Bd3 34. Bh6 Bg6 35. Rxg6 hxg6 36. Bxf8+ Kg8 37.
Bh6 g5 38. Rf2 Qxe3+ 39. Kf1 Qd3+ 40. Kg1 Qxd6 41. Kg2 Kf7 42. Bxg5 Qd5+ 43. Kf1 Qxg5 44. Rd2 Qxd2 0-1

[Event "*** Titled Tuesday Blitz"]
[Site "Chess.com"]
[Date "2019.03.05"]
[Round "2"]
[White "Poghosyan_Suren"]
[Black "alpasya2009"]
[Result "0-1"]
[WhiteElo "2477"]
[BlackElo "2536"]
[TimeControl "180+2"]
[EndTime "13:24:24 PST"]
[Termination "alpasya2009 won by resignation"]

1. d4 Nf6 2. c4 g6 3. Nc3 Bg7 4. Nf3 O-O 5. Bf4 d6 6. e3 Nbd7 7. h3 b6 8. Be2 Bb7 9. O-O Re8 10. Re1 e5 11. Bh2 Ne4 12. Nd5 f5 13. Rc1 Nef6 14. dxe5 dxe5 15. b4 a5 16. Nxf6+ Bxf6 17. c5 Bxf3 18.
Bxf3 e4 19. Be2 axb4 20. Bb5 Nxc5 21. Bxe8 Qxe8 22. Qd5+ Kg7 23. Bxc7 Nd3 24. Bxb6 Nxe1 25. Rxe1 Qg8 26. Qb7+ Kh6 27. Bc7 Rxa2 28. Qc6 Qf7 29. Rd1 Ra1 30. Bf4+ Kg7 31. Rxa1 Bxa1 32. Qa4 Bc3 33.
g4 b3 34. Qa3 g5 35. Bxg5 fxg4 36. hxg4 Kg6 37. Bf4 Qe6 38. Qf8 b2 39. Qh6+ Kf7 40. Qxh7+ Kf8 41. Qb7 Qxg4+ 42. Kh2 Qh5+ 43. Kg2 Qf3+ 44.
Kh2 Qxf2+ 45. Kh3 Qf3+ 46. Kh4 Bf6+ 47. Bg5 Qh1+ 48. Kg4 Qg2+ 49. Kf5 Qxg5+ 50. Ke6 Qe5+ 51. Kd7 Qe7+ 52. Kc6 Qxb7+ 0-1

[Event "*** Titled Tuesday Blitz"]
[Site "Chess.com"]
[Date "2019.03.05"]
[Round "2"]
[White "DrVitman"]
[Black "1stSecond"]
[Result "0-1"]
[WhiteElo "2647"]
[BlackElo "2751"]
[TimeControl "180+2"]
[EndTime "13:24:26 PST"]
[Termination "1stSecond won by checkmate"]

1. d4 Nf6 2. Nf3 e6 3. Bf4 Bd6 4. Bxd6 cxd6 5. e3 b6 6. Be2 O-O 7. O-O Bb7 8. Nbd2 Nc6 9. c3 Ne7 10. Qa4 a6 11. Rac1 b5 12. Qc2 Rc8 13. Qb1 Nfd5 14. c4 bxc4 15. Nxc4 Rc6 16. a3 Qc7 17. Ncd2 Rc8 18. Rxc6 Qxc6 19. Bd3 f5 20. Nb3 Qb6 21. Nfd2 a5 22. Rc1 Rxc1+ 23. Nxc1 Nf6 24. Qc2 d5 25.
Ne2 Kf7 26. Nf3 Ne4 27. Ne5+ Ke8 28. f3 Nd6 29. Kf2 Nf7 30. Nxf7 Kxf7 31. g3 g6 32. Qc3 a4 33. Nc1 Nc8 34. b3 axb3 35. Qxb3 Qa7 36. a4 Nd6 37. Ne2 Bc6 38. Nc3 Qa5 39. Qa3 Nc8 40. Qb3 Nb6 41. Bb5 Bxb5 42. axb5 Nc4 43. e4 fxe4 44. fxe4 Nd2 45. Qc2 Nxe4+ 46. Nxe4 dxe4 47.
Qb3 Qd2+ 48. Kf1 e3 49. Qc4 Qf2# 0-1

[Event "*** Titled Tuesday Blitz"]
[Site "Chess.com"]
[Date "2019.03.05"]
[Round "2"]
[White "martinmartinez95"]
[Black "volcanoexplorer"]
[Result "1-0"]
[WhiteElo "2454"]
[BlackElo "2350"]
[TimeControl "180+2"]
[EndTime "13:24:29 PST"]
[Termination "martinmartinez95 won by resignation"]

1. e4 e5 2. Nf3 Nc6 3. Bb5 a6 4. Ba4 Nf6 5. O-O Be7 6. Re1 b5 7. Bb3 O-O 8. c3 d5 9. exd5 Nxd5 10. Nxe5 Nxe5 11. Rxe5 c6 12. d4 Bd6 13. Re1 Qh4 14.
g3 Qh3 15. Qd3 Bf5 16. Qf1 Qh5 17. Bxd5 cxd5 18. Be3 Bh3 19. Qe2 Bg4 20. Qd3 f5 21. f4 g5 22. Nd2 Rae8 23. a4 Kh8 24. axb5 axb5 25. Ra6 Bb8 26. Raa1 Rg8 27. fxg5 Bh3 28. Bf4 Bxf4 29. gxf4 h6 30. Qf3 Qxf3 31. Nxf3 Rxe1+ 32. Rxe1 Bg4 33. Ne5 hxg5 34. fxg5 Bh5 35. h4 Kg7 36.
Kf2 Ra8 37. Nd3 Bg4 38. Kg3 Rc8 39. Re7+ Kf8 40. Rb7 Re8 41. Ne5 Ra8 42. g6 Kg8 43. Kf4 Re8 44. Kg5 Rf8 45. h5 Bxh5 46. Kxh5 f4 47. Kh6 f3 48. Rg7+ Kh8 49. Nf7+ 1-0

[Event "*** Titled Tuesday Blitz"]
[Site "Chess.com"]
[Date "2019.03.05"]
[Round "2"]
[White "CookiesAndIceCream"]
[Black "Rashad_Zeynalli"]
[Result "1-0"]
[WhiteElo "2398"]
[BlackElo "2392"]
[TimeControl "180+2"]
[EndTime "13:24:30 PST"]
[Termination "CookiesAndIceCream won by resignation"]

1. e4 d6 2. d4 Nf6 3. Nc3 g6 4. Nf3 Bg7 5. Be2 O-O 6. O-O e6 7. a4 Nc6 8. d5 exd5 9. exd5 Nb4 10. h3 Bf5 11. Nd4 Bd7 12. Bc4 Re8 13. Be3 Nh5 14. Qd2 Qh4 15. Nf3 Qxc4 16. Rfe1 Nf6 17. Rad1 Ne4 18.
Nxe4 Rxe4 19. Ng5 Re7 20. c3 Na6 21. a5 Nc5 22. Bxc5 Rxe1+ 23. Rxe1 Qxc5 24. Re7 Be8 25. Qe2 Bb5 26. Qf3 Rf8 27. Rxf7 Re8 28. Ne6 Rxe6 29. dxe6 Bc4 30. Re7 Qf5 31. Qe3 Qf8 32.
Rxc7 Bd5 33. e7 Qe8 34. Rd7 Bc6 35. Rd8 Kf7 36. Rxe8 Bxe8 37. Qxa7 Bc6 38. a6 bxa6 39. Qxa6 Be8 40. Qxd6 Bf6 41. b4 Bxe7 42. Qf4+ Bf6 43. Qc4+ Ke7 44. b5 Bf7 45. Qb4+ Kd7 46. c4 Bd4 47. c5 Be5 48. c6+ Ke6 49. b6 Bd6 50.
Qb5 Be8 51. b7 Bc7 52. b8=Q 1-0

[Event "*** Titled Tuesday Blitz"]
[Site "Chess.com"]
[Date "2019.03.05"]
[Round "2"]
[White "DACF2905"]
[Black "1995Tiger"]
[Result "1/2-1/2"]
[WhiteElo "2061"]
[BlackElo "1921"]
[TimeControl "180+2"]
[EndTime "13:24:32 PST"]
[Termination "Game drawn - insufficient material"]

1. e4 e6 2. d4 d5 3. Nc3 Nf6 4. e5 Nfd7 5. f4 c5 6. Nf3 Nc6 7. Be3 cxd4 8. Nxd4 Bc5 9. Qd2 a6 10. O-O-O O-O 11. g3 Nxd4 12. Bxd4 b5 13. Bg2 Bb7 14. Kb1 b4 15. Ne2 a5 16. f5 Qc7 17. Bxc5 Nxc5 18. Qf4 exf5 19. Nd4 Ne6 20. Qxf5 Nxd4 21. Rxd4 Rfe8 22.
Re1 g6 23. Qg5 Rac8 24. Rd2 a4 25. h4 a3 26. h5 axb2 27. hxg6 hxg6 28. e6 fxe6 29.
Rh1 Re7 30. Qxg6+ Rg7 31. Qxe6+ Qf7 32. Qxf7+ Kxf7 33. Bxd5+ Bxd5 34. Rxd5 Rxg3 35. Kxb2 Rgc3 36. Rh2 R8c4 37. Rd6 Ke7 38. Rb6 Kd7 39. Rh7+ Kc8 40. Rg6 Rxc2+ 41. Kb3 R2c3+ 42. Ka4 b3+ 43. Kb5 Rc5+ 44.
Kb6 Kb8 45. axb3 Rc8 46. b4 Rb3 47. b5 Rf3 48. Rgg7 Rf6+ 49. Ka5 Rcf8 50. Rb7+ Kc8 51. Rhc7+ Kd8 52. Ra7 Rf1 53. Rcb7 Ra1+ 54. Kb6 Rf6+ 55. Kc5 Rxa7 56. Rxa7 Kc8 57. Re7 Rh6 58. Kb4 Kd8 59. Rg7 Kc8 60. Ka5 Kb8 61. b6 Rh1 62. Ka6 Ra1+ 63. Kb5 Rb1+ 64. Kc5 Rc1+ 65. Kb4 Rb1+ 66. Ka5 Ra1+ 67. Kb5 Rb1+ 68. Kc6 Rc1+ 69. Kd7 Kb7 70.
Rg6 Rd1+ 71. Ke8 Re1+ 72. Kf7 Rf1+ 73. Rf6 Re1 74. Re6 Rf1+ 75. Ke7 Rd1 76. Rd6 Rh1 77. Ke6 Rh6+ 78. Kd5 Rh5+ 79. Kc4 Rh4+ 80. Kc5 Rh5+ 81. Rd5 Rxd5+ 82. Kxd5 Kxb6 1/2-1/2

[Event "*** Titled Tuesday Blitz"]
[Site "Chess.com"]
[Date "2019.03.05"]
[Round "2"]
[White "Arystanner"]
[Black "A-Fier"]
[Result "0-1"]
[WhiteElo "2647"]
[BlackElo "2753"]
[TimeControl "180+2"]
[EndTime "13:24:33 PST"]
[Termination "A-Fier won by resignation"]

1. e4 c5 2. Nf3 e6 3. c3 d5 4. exd5 Qxd5 5. d4 Nf6 6. Be3 cxd4 7. cxd4 Bb4+ 8. Nc3 O-O 9. Bd3 b6 10. O-O Bxc3 11. bxc3 Ba6 12. Bxa6 Nxa6 13. Qd3 Nb8 14. c4 Qe4 15. Qb3 Nc6 16. Rac1 Rac8 17. Rfd1 Rfd8 18.
h3 h6 19. Qb5 Na5 20. Ne5 Qb7 21. c5 Nd5 22. c6 Qc7 23. Bd2 f6 24. Bxa5 fxe5 25.
Be1 e4 26. Bd2 Rf8 27. Qe2 Qf7 28. Qxe4 Qxf2+ 29. Kh1 Qf5 30. Qxf5 Rxf5 31. a4 Ne7 32. c7 Nd5 33. Rc6 Kf7 34. Rdc1 Ke7 35. a5 Kd7 36. axb6 axb6 37. Kh2 Rxc7 38. Rxc7+ Nxc7 39. Be1 Nd5 40. Bg3 Rf8 41. Be5 g6 42. Ra1 Kc6 43. Bg7 Rf4 44.
Kg3 h5 45. Re1 Kd7 46. Ra1 h4+ 47. Kh2 b5 48. Be5 Rf2 49. Ra7+ Kc8 50. Rg7 b4 51. Rxg6 b3 52. Rg8+ Kd7 53. Rb8 b2 54. Rb7+ Kc6 55. Rb3 Rc2 56. Bg7 Kd7 57. Rb7+ Ke8 58. Be5 Nc3 59. Rb8+ Kf7 60. Rb7+ Kg6 61. Rg7+ Kh6 62.
Rg4 b1=Q 63. Rxh4+ Kg6 64. Rg4+ Kf7 65. Rg7+ Kf8 66.
Rg3 Ne2 67. Rf3+ Kg8 68. h4 Qg1+ 69. Kh3 Nf4+ 0-1

[Event "*** Titled Tuesday Blitz"]
[Site "Chess.com"]
[Date "2019.03.05"]
[Round "2"]
[White "chess4life23"]
[Black "Last7Samurai"]
[Result "0-1"]
[WhiteElo "2338"]
[BlackElo "2676"]
[TimeControl "180+2"]
[EndTime "13:24:33 PST"]
[Termination "Last7Samurai won by resignation"]

1. d4 d5 2. c4 c6 3. e3 Nf6 4. Nc3 e6 5. Nf3 a6 6. Qc2 Nbd7 7. Bd3 dxc4 8. Bxc4 b5 9. Be2 c5 10.
O-O Bb7 11. Rd1 Rc8 12. Ne5 Qc7 13. Nxd7 Nxd7 14. d5 Nf6 15. dxe6 fxe6 16. Bd3 Bd6 17. h3 c4 18. Be4 Nxe4 19. Nxe4 Be7 20. Bd2 O-O 21. Bc3 b4 22. Be1 Bd5 23. a3 Qb7 24. f3 a5 25. axb4 axb4 26. Bg3 Rfd8 27. Be5 Rd7 28. Rd4 Rcd8 29. Rad1 Qb6 30. Kh1 c3 31. bxc3 b3 32. Qb1 Qc6 33. Qd3 b2 34. c4 Bxc4 35. Qc3 Rxd4 36. Bxd4 Qb5 37. Rb1 e5 38. Bxe5 Rd3 39. Qxb2 Qxb2 40. Rxb2 Rxe3 41. Rb7 Bf8 42. Rb8 Kf7 43. Bf4 Re1+ 44. Kh2 Be7 45. Rb7 Bd5 46. Ng5+ Kg6 47. h4 Bxb7 0-1

[Event "*** Titled Tuesday Blitz"]
[Site "Chess.com"]
[Date "2019.03.05"]
[Round "2"]
[White "HanSchut"]
[Black "Yurovskykh_Oleksandr"]
[Result "1-0"]
[WhiteElo "2330"]
[BlackElo "2524"]
[TimeControl "180+2"]
[EndTime "13:24:33 PST"]
[Termination "HanSchut won by resignation"]

1. e4 e6 2. d4 d5 3. Nd2 Be7 4. c3 c5 5. dxc5 Nf6 6. Bd3 dxe4 7. Nxe4 Nxe4 8. Bxe4 Qxd1+ 9. Kxd1 Bxc5 10. Ke2 Nd7 11.
Be3 Bxe3 12. Kxe3 Nf6 13. Bf3 Bd7 14. Ne2 O-O-O 15. Rhd1 Kc7 16. Ng3 Bc6 17. Bxc6 Kxc6 18. c4 Ng4+ 19. Kf3 Ne5+ 20. Ke2 Nxc4 21. Rdc1 Kb5 22. Ne4 Nd6 23. Nxd6+ Rxd6 24. Rc7 Kb6 25. Rxf7 Rc8 26. b4 Rc2+ 27. Kf1 Rdd2 28. a4 g5 29. h3 a5 30. bxa5+ Kxa5 31. Kg1 b6 32. Rf6 Re2 33.
Rf8 h5 34. Ra8+ Kb4 35. Rb8 Ka5 36. Ra8+ Kb4 37. Rb8 Kc3 38. Rxb6 Rxf2 39. Rc6+ Kb4 40. Rxc2 Rxc2 41. a5 Rc7 42. a6 Ra7 43. Kf2 Kb5 44.
Ke3 Rxa6 45. Rxa6 Kxa6 46. Ke4 Kb5 47. Ke5 Kc5 48. Kxe6 Kd4 49. Kf5 Ke3 50. Kxg5 Kf2 51. Kxh5 Kxg2 52. Kg4 1-0

[Event "*** Titled Tuesday Blitz"]
[Site "Chess.com"]
[Date "2019.03.05"]
[Round "2"]
[White "nikitakhoroshev"]
[Black "mishanick"]
[Result "0-1"]
[WhiteElo "2604"]
[BlackElo "2984"]
[TimeControl "180+2"]
[EndTime "13:24:39 PST"]
[Termination "mishanick won by checkmate"]

1. e4 c5 2. Nf3 d6 3. d4 cxd4 4. Qxd4 Nc6 5. Bb5 Bd7 6. Bxc6 Bxc6 7. c4 f5 8. Nc3 e5 9. Qd3 Nf6 10. exf5 Qd7 11. Ng5 O-O-O 12. Ne6 Re8 13. Bg5 Bxg2 14. Rg1 Bc6 15. Bxf6 gxf6 16. Nd5 Qf7 17. O-O-O Kb8 18. Kb1 Rc8 19. Ne3 Ka8 20. Ka1 Bf3 21. Rc1 Be7 22.
Nd5 Bxd5 23. Qxd5 Bf8 24. Rgd1 Bh6 25. Rc3 Qh5 26. Rcd3 Qxf5 27. Qxd6 a6 28. Nc7+ Ka7 29. Qc5+ Kb8 30. Rd7 Qf3 31. Nxa6+ Ka8 32. Nc7+ Kb8 33.
Qd6 Qc6 34. Qxc6 bxc6 35. Na6+ Ka8 36. Nc7+ Kb8 37. Ne6 Rhe8 38. Nc5 Ka8 39. Rb7 Bf8 40. Rdd7 Bxc5 41. a4 Red8 42. Rxh7 Rb8 43. Rbc7 Rd1+ 44.
Ka2 Rd2 45. Rxc6 Rdxb2+ 46. Ka1 Rb1+ 47. Ka2 R8b2# 0-1

[Event "*** Titled Tuesday Blitz"]
[Site "Chess.com"]
[Date "2019.03.05"]
[Round "2"]
[White "GelmanAlexander"]
[Black "ShimanovAlex"]
[Result "1/2-1/2"]
[WhiteElo "2592"]
[BlackElo "2831"]
[TimeControl "180+2"]
[EndTime "13:24:43 PST"]
[Termination "Game drawn by agreement"]

1. d4 Nf6 2. Nc3 d5 3. Bf4 a6 4. e3 e6 5. g4 b5 6. g5 Nfd7 7. h4 Bb7 8. Qg4 c5 9. Nf3 Nc6 10. h5 Qa5 11. g6 hxg6 12. hxg6 f5 13. Qg2 Rxh1 14. Qxh1 b4 15. Nd1 O-O-O 16. Be2 b3+ 17.
c3 Qxa2 18. Rc1 Nf6 19. Ng5 Re8 20. c4 dxc4 21. Bf3 Qa5+ 22. Kf1 Qb6 23. Rxc4 Na5 24.
Rc1 c4 25. Nc3 Bxf3 26. Qxf3 Qb7 27. Qxb7+ Kxb7 28. Ra1 Bb4 29. Ra4 Bxc3 30. bxc3 Nc6 31. Nf3 Ne4 32. Ra1 Nxc3 33. Nd2 b2 34. Re1 Rh8 35. Kg2 a5 36. Bd6 Nb5 37. Nxc4 a4 38. Bc5 Rh6 39. Rb1 Rxg6+ 40. Kf3 a3 41. Nxa3 Nxa3 42. Bxa3 Kc7 43. Rxb2 Rh6 44. Rc2 Kd7 45. Rb2 Kc7 46. Bc5 Rh3+ 47. Kg2 Rh8 48. Rc2 Kd7 49. Rb2 Rb8 50. Rxb8 Nxb8 51. Kf3 Nc6 52. e4 fxe4+ 53.
Kxe4 Na5 54. d5 Nb3 55. dxe6+ Kxe6 56. Be3 Na5 57. Kf4 1/2-1/2

[Event "*** Titled Tuesday Blitz"]
[Site "Chess.com"]
[Date "2019.03.05"]
[Round "2"]
[White "Bad4life"]
[Black "Maili15"]
[Result "1-0"]
[WhiteElo "2493"]
[BlackElo "2275"]
[TimeControl "180+2"]
[EndTime "13:24:43 PST"]
[Termination "Bad4life won by resignation"]

1. e4 c5 2. Nf3 d6 3. d4 cxd4 4. Nxd4 Nf6 5. Nc3 a6 6. a3 e5 7. Nf5 Bxf5 8. exf5 Be7 9. g4 h6 10. Bg2 Nc6 11. O-O O-O 12. Kh1 Qc7 13. Be3 Rfd8 14. f4 exf4 15. Bxf4 Ne5 16. h3 Nc4 17. Qe1 Rac8 18.
Rb1 Bf8 19. Nd5 Nxd5 20. Bxd5 Re8 21. Qc3 Nb6 22. Qxc7 Rxc7 23. Bb3 Re4 24. Rbe1 Rce7 25. Rd1 d5 26. Bxd5 Nxd5 27. Rxd5 Re2 28. Rd8 Re8 29. Rxe8 Rxe8 30. Kg2 Re2+ 31. Rf2 Re4 32. Kf3 Rc4 33.
c3 Be7 34. Re2 Kf8 35. Bc1 g6 36. Re5 g5 37. Rd5 Bf6 38. Rd7 b6 39. Ra7 a5 40.
Be3 Bd8 41. Ra8 Ke7 42. Rb8 Rc6 43. Rb7+ Ke8 44. Bd4 Rd6 45. Ke4 Rc6 46. Kd5 Rc7 47. Rxc7 Bxc7 48. Kc6 Bf4 49. a4 Bc1 50. b3 Bd2 51.
Kxb6 1-0